 Dungeon Crawl Stone Soup version 0.17.1-3-g152610e (webtiles) character file.

177 Kaname the Slasher (level 5, -4/41 HPs)
             Began as a Demigod Skald on Mar 10, 2016.
             Slain by a hound (6 damage)
             ... on level 4 of the Dungeon.
             The game lasted 00:07:43 (3962 turns).

Kaname the Slasher (Demigod Skald)                  Turns: 3962, Time: 00:07:43

Health: -4/41      AC:  4    Str: 20    XL:     5   Next: 9%
Magic:  10/10      EV: 11    Int: 18    God:
Gold:   124        SH:  0    Dex: 15    Spells: 3 memorised, 1 level left

rFire  . . .     SeeInvis .     a - +0 falchion
rCold  . . .     Clarity  .     b - +0 leather armour
rNeg   . . .     SustAt   +     (no shield)
rPois  .         Gourm    .     o - +0 helmet
rElec  .         Spirit   .     (no cloak)
rCorr  .         Warding  .     (no gloves)
rMut   .         Stasis   .     (no boots)
MR     .....                    (no amulet)
Stlth  +.........               (no ring)
                                (no ring)

@: mighty, not resistant to hostile enchantments, very unstealthy
A: high mp 1, sustain attributes
a: no special abilities


You were on level 4 of the Dungeon.
You were hungry.

You visited 1 branch of the dungeon, and saw 4 of its levels.

You collected 124 gold pieces.

Inventory:

Hand Weapons
 a - a +0 falchion (weapon)
Missiles
 l - 6 javelins (quivered)
 B - a tomahawk of dispersal
Armour
 b - a +0 leather armour (worn)
 o - a +0 helmet (worn)
 p - a +0 plate armour
Wands
 v - a wand of polymorph (11)
Scrolls
 f - 3 scrolls of immolation {unknown}
 m - 2 scrolls of noise {unknown}
 r - a scroll of random uselessness {unknown}
 s - a scroll of recharging {unknown}
 t - 2 scrolls of amnesia {unknown}
 u - a scroll of remove curse {unknown}
 w - a scroll of teleportation {unknown}
 y - a scroll of identify {unknown}
Potions
 e - a potion of magic {unknown}
 g - 2 potions of lignification {unknown}
 h - 2 potions of heal wounds {unknown}
 i - 2 potions of might
 j - a potion of degeneration {unknown}
 k - a potion of curing {unknown}
 n - a potion of flight {unknown}
 z - 2 potions of cancellation {unknown}
Books
 c - a book of Battle

   Spells                             Type                      Level
   a - Infusion                       Charms                       1
   b - Shroud of Golubria             Charms/Translocation         2
   c - Song of Slaying                Charms                       2
   d - Spectral Weapon                Hexes/Charms                 3
   e - Regeneration                   Charms/Necromancy            3
Comestibles
 d - 6 bread rations
 q - a meat ration
 x - 5 chunks of flesh
 A - 4 fruits


   Skills:
 - Level 1.7 Fighting
 * Level 4.3 Long Blades
 - Level 0.8 Armour
 - Level 0.8 Dodging
 - Level 1.7 Spellcasting
 + Level 3.7 Charms


You had one spell level left.
You knew the following spells:

 Your Spells              Type           Power        Failure   Level  Hunger
a - Infusion              Chrm           ###...       6%          1    #......
b - Song of Slaying       Chrm           ###.....     10%         2    ###....
c - Regeneration          Chrm/Necr      #.........   34%         3    ###....


Dungeon Overview and Level Annotations

Branches:
Dungeon (4/15)             Temple (0/1) D:4


Innate Abilities, Weirdness & Mutations

You have an increased reservoir of magic (+10% MP).
Your attributes are resistant to harm.


Message History

The hound is severely wounded.
The hound barely misses you. The hound bites you.
* * * LOW HITPOINT WARNING * * *
You hit the hound.
The hound is almost dead.
The hound bites you.
* * * LOW HITPOINT WARNING * * *
Drink which item? (? for menu, Esc to quit)
It was a potion of might.
You feel very mighty all of a sudden. The hound bites you.
* * * LOW HITPOINT WARNING * * *
The hound closely misses you.
You barely miss the hound.
The hound is almost dead.
The hound closely misses you.
You closely miss the hound.
The hound is almost dead.
The hound bites you.
You die...

.# #(#...... .#
# #.#...... .#
..#.###.#...###
.#
...............
#........#
#####†#######
#oo...?.<
#h#######
#@#######.#
#.........#
#.#####.... #.#
# #.# #.# #.#
#.# # #.# #.#
.# #.#
#.#####.#####
#.#
#.<..........


You could see a hound and 2 orcs.

Vanquished Creatures
  Robin (D:2)
  4 adders
  2 gnolls
  2 oozes (D:1)
  An adder skeleton (D:4)
  4 worms
  4 giant geckos
  An orc (D:4)
  17 goblins
  9 hobgoblins
  10 jackals
  5 kobolds
  2 quokkas
  9 bats
  3 giant cockroaches
  4 giant newts
  8 rats
86 creatures vanquished.

Notes
Turn   | Place    | Note
--------------------------------------------------------------
     0 | D:1      | Kaname the Demigod Skald began the quest for the Orb.
     0 | D:1      | Reached XP level 1. HP: 17/17 MP: 5/5
   303 | D:1      | Reached XP level 2. HP: 1/24 MP: 7/7
   587 | D:1      | Learned a level 2 spell: Song of Slaying
   830 | D:1      | Reached skill level 3 in Long Blades
  1251 | D:2      | Reached XP level 3. HP: 29/29 MP: 8/8
  1510 | D:2      | Found a glowing silver altar of Zin.
  1530 | D:2      | Found a sacrificial altar of Ru.
  1666 | D:2      | Found a snail-covered altar of Cheibriados.
  1669 | D:2      | Found an opulent altar of Gozag.
  1717 | D:2      | Noticed Robin
  1779 | D:2      | Killed Robin
  1779 | D:2      | Reached XP level 4. HP: 29/36 MP: 9/9
  2604 | D:3      | Learned a level 3 spell: Regeneration
  3233 | D:3      | Reached skill level 4 in Long Blades
  3529 | D:4      | Found a staircase to the Ecumenical Temple.
  3905 | D:4      | Reached XP level 5. HP: 39/41 MP: 10/10
  3959 | D:4      | HP: 2/41 [hound (6)]
  3962 | D:4      | Slain by a hound

Action                   |  1- 3 |  4- 6 || total
-------------------------+-------+-------++-------
Melee: Falchion          |   184 |   175 ||   359
 Cast: Infusion          |     2 |     5 ||     7
       Song of Slaying   |     1 |     1 ||     2
       Regeneration      |       |     1 ||     1
  Use: Potion            |       |     1 ||     1
 Stab: Sleeping          |     1 |     1 ||     2
  Eat: Chunk             |     3 |     7 ||    10
